 Dungeon Crawl Stone Soup version 0.31.0-32-g396128a36d (webtiles) character file.

Game seed: 12966936310945676487

94827 imdaedric the Tortoise (level 15, -18/148 HPs)
             Began as a Minotaur Berserker on Apr 18, 2024.
             Was an Elder of Trog.
             Demolished by a very large slime creature (37 damage)
             ... on level 15 of the Dungeon.
             The game lasted 00:45:40 (21689 turns).

imdaedric the Tortoise (Minotaur Berserker)        Turns: 21689, Time: 00:45:41

Health: -18/148    AC: 39    Str: 36    XL:     15   Next: 64%
Magic:  14/14      EV:  9    Int:  6    God:    Trog [****..]
Gold:   186        SH:  0    Dex: 13    Spells: 14/14 levels left

rFire   + . .        p - +9 executioner's axe of Vuelet {flame, *Rage rC+ Dex+4}
rCold   + . .        (shield currently unavailable)
rNeg    . . .        C - +5 gold dragon scales
rPois   +            y - +2 hat
rElec   +            H - scarf {repulsion}
rCorr   .            j - +1 pair of gloves
SInv    .            R - +0 pair of boots
Will    +++..        M - amulet "Wade" {rElec rC- Will++ Regen+ Int+2} Stlth
                     N - +4 ring of protection
HPRegen 1.24/turn    n - +6 ring of strength
MPRegen 0.14/turn

%: random rage (20%), repel missiles
@: no status effects
A: horns 2, retaliatory headbutt
a: Renounce Religion, Berserk, Trog's Hand, Brothers in Arms


You were on level 15 of the Dungeon.
You worshipped Trog.
Trog was greatly pleased with you.
You visited 2 branches of the dungeon, and saw 20 of its levels.
You also visited: Sewer.

You collected 2620 gold pieces.
You spent 2434 gold pieces at shops.

Inventory:

Hand Weapons
 a - a +4 battleaxe of freezing
 b - a +5 spear of freezing
 p - the +9 executioner's axe of Vuelet (weapon) {flame, *Rage rC+ Dex+4}
   (Trog gifted it to you on level 12 of the Dungeon)

   Dex+4:     It affects your dexterity (+4).
   rC+:       It protects you from cold.
   *Rage:     It berserks you when you make melee attacks (+20% chance).
Missiles
 h - 3 curare-tipped darts
 L - 15 poisoned darts (quivered)
 Q - 2 throwing nets
Armour
 j - a +1 pair of gloves (worn)
 r - a +1 cloak of willpower
 y - a +2 hat (worn)
 C - +5 gold dragon scales (worn)
 H - a scarf of repulsion (worn)
 R - a +0 pair of boots (worn)
Jewellery
 n - a +6 ring of strength (right hand)
 o - a ring of flight
 s - a +6 ring of intelligence
 w - a ring of protection from fire
 I - a ring of protection from cold
 M - the amulet "Wade" (around neck) {rElec rC- Will++ Regen+ Int+2}
   (You bought it in a shop on level 9 of the Dungeon)

   [amulet of regeneration]

   Int+2:     It affects your intelligence (+2).
   rC-:       It makes you vulnerable to cold.
   rElec:     It insulates you from electricity.
   Will++:    It greatly increases your willpower.
   Regen+:    It increases your rate of health regeneration.
 N - a +4 ring of protection (left hand)
Wands
 d - a wand of acid (4)
 u - a wand of mindburst (12)
 K - a wand of polymorph (14)
Scrolls
 l - 4 scrolls of revelation
 q - 6 scrolls of teleportation
 v - a scroll of silence
 x - 7 scrolls of poison
 B - 7 scrolls of identify
 D - 2 scrolls of blinking
 J - 4 scrolls of fear
 T - a scroll of fog
Potions
 c - 3 potions of enlightenment
 e - 2 potions of might
 f - a potion of berserk rage {unknown}
 i - 5 potions of lignification
 k - 5 potions of curing
 m - a potion of attraction
 t - 6 potions of mutation
 E - 2 potions of resistance
 F - a potion of haste
 G - 2 potions of heal wounds
 O - 4 potions of invisibility
Miscellaneous
 z - a phial of floods
 S - a box of beasts
 U - a lightning rod (4/4)


   Skills:
 + Level 17.7 Fighting
 + Level 17.7 Axes
 - Level 5.9 Ranged Weapons
 - Level 11.7 Throwing
 + Level 20.5 Armour
 - Level 2.6 Dodging
 - Level 0.2 Invocations


You had 14 spell levels left.
You didn't know any spells.
Your spell library contained the following spells:

 Spells                   Type           Power      Damage    Failure   Level
 Inner Flame              Hex/Fire       0%         N/A       100%        3
 Irradiate                Conj/Alch      0%         3d11      100%        5
 Ignition                 Fire           0%         3d3       100%        8


Dungeon Overview and Level Annotations

Branches:
Dungeon (15/15)            Temple (0/1) D:4            Lair (5/5) D:9
  Swamp (0/4) Lair:2       Spider (0/4) Lair:3        Slime (0/5) Lair:4
    Orc (0/2) D:9          Vaults (0/5) D:13          Sewer (visited)
 Depths: D:15

Altars:
Ashenzari
Cheibriados
Dithmenos
Fedhas
Kikubaaqudgha
Makhleb
Okawaru
Ru
Vehumet
Wu Jian
Yredelemnul
The Shining One
Jiyva

Shops:
D:6 *   D:7 ?   D:9 :=[   D:11 ?[!

Annotations:
D:3 1 runed translucent door, Crazy Yiuf
D:13 1 runed translucent door


Innate Abilities, Weirdness & Mutations

You have a pair of horns on your head.
You reflexively headbutt those who attack you in melee.


Message History

Unknown command.
Unknown command.
Unknown command.
As you read the scroll of fear, it crumbles to dust.
You assume a fearsome visage.
The slime creature resists with some effort.
The enormous slime creature looks frightened!
The slime creature attacks as it pursues you!
The slime creature hits you!
Cornered, the enormous slime creature turns to fight!
Two slime creatures merge to form a titanic slime creature.
The slime creature hits you but does no damage.
The slime creature hits you but does no damage.
You chop the slime creature into pieces!!!
You burn the slime creature!
You kill the slime creature!
Trog accepts your kill.
You feel yourself speed up.
Unknown command.
The titanic slime creature attacks as it pursues you!
The titanic slime creature hits you but does no damage.
The titanic slime creature attacks as it pursues you!
The titanic slime creature hits you!
You recover from your berserk rage.
You feel much better.
A titanic slime creature splits.
You slice the very large slime creature!!
You burn the very large slime creature!
You headbutt the very large slime creature!
The very large slime creature is heavily wounded.
You slice the large slime creature!! You burn the large slime creature.
The very large slime creature hits you!!
The large slime creature hits you!!
The very large slime creature hits you!!!
* * * LOW HITPOINT WARNING * * *
You completely miss the very large slime creature.
The very large slime creature is heavily wounded.
You slash the large slime creature! You burn the large slime creature.
The large slime creature hits you but does no damage.
The very large slime creature hits you!!!
You die...

.. #.# #.# #. #.# #.# ..
#)####.## #.##......:#
#.)).####..# ###### #..#
#..#####.
################.........
#...........@J..........#
#.###########J..#.#######
#(# #..###.# #.# #.## #..
#.# #.. ### .####.# #.#
...<..# #.# ####### #.#


You could see a very large slime creature and a large slime creature.

Vanquished Creatures
  Jorgrun (D:14)
  Gastronok (Lair:2)
  Nessos (Lair:3)
  An ettin (D:12)
  A yaktaur captain (D:12)
  6 vault guards (D:13)
  2 fire dragons
  7 hydras
  2 catoblepae
  4 centaur warriors
  2 boulder beetles
  A death knight (D:15)
  5 two-headed ogres
  2 tengu warriors
  5 death yaks (Lair:5)
  A deep troll earth mage (D:12)
  Sonja (D:11)
  A skeletal warrior (D:15)
  Lodul (D:11)
  2 spriggan druids (Lair:2)
  An arcanist (D:14)
  2 lindwurms (Lair:5)
  2 deep elf pyromancers
  7 ugly things
  8 black mambas
  3 cyclopes
  26 elephants
  A manticore (D:12)
  A gargoyle (D:11)
  4 molten gargoyles
  A torpor snail (Lair:3)
  17 cane toads
  A yaktaur (shapeshifter) (D:14)
  3 rime drakes
  14 komodo dragons
  An unseen horror (D:12)
  An efreet (D:13)
  2 tengu conjurers
  A troll (D:9)
  A polar bear (shapeshifter) (D:12)
  3 polar bears
  13 hornets
  17 blink frogs
  Prince Ribbit (D:5)
  7 slime creatures
  6 wraiths
  6 wyverns
  2 vampires
  6 basilisks
  47 yaks
  Grum (D:11)
  12 vampire mosquitoes
  4 steam dragons
  Edmund (D:5)
  2 acid dragons
  17 water moccasins
  A naga (shapeshifter) (D:12)
  4 hell hounds (Lair:5)
  8 orc warriors
  A meliai simulacrum (D:12)
  A swamp drake (D:9)
  A sky beast (D:6)
  A black bear (Lair:1)
  2 laughing skulls (D:13)
  8 ogres (D:11)
  27 wolves
  13 centaurs
  A crocodile (Sewer)
  2 phantoms
  3 necrophages (Lair:2)
  4 kobold brigands (Sewer)
  13 bullfrogs
  8 scorpions
  2 gnoll sergeants
  18 wights
  3 howler monkeys
  2 electric eels (D:9)
  A bombardier beetle (D:6)
  6 lava snakes
  A jelly (D:6)
  10 orc priests
  2 gnoll boudas
  7 hounds
  4 iguanas
  A sleepcap (D:5)
  Ijyb (D:3)
  12 orc wizards
  22 gnolls
  11 adders
  2 river rats (D:6)
  A shadow imp (D:7)
  A white imp (D:5)
  3 dart slugs
  4 ribbon worms
  48 orcs
  7 bats
  10 endoplasms
  6 giant cockroaches
  11 goblins
  10 hobgoblins
  4 quokkas
  7 ball pythons
  4 frilled lizards
  A jackal skeleton (D:8)
  11 kobolds
  10 rats
630 creatures vanquished.

Vanquished Creatures (collateral kills)
  2 vault guards (D:13)
  A catoblepas (Lair:2)
  A two-headed ogre (D:9)
  An ugly thing (D:9)
  A blink frog (Lair:5)
  A basilisk (Lair:2)
  A yak (Lair:5)
  A centaur (D:11)
  An orc (D:9)
10 creatures vanquished.

Grand Total: 640 creatures vanquished

Notes
Turn   | Place    | Note
-------+----------+-------------------------------------------
     0 | D:1      | imdaedric the Minotaur Berserker began the quest for the
                  | Orb.
     0 | D:1      | Reached XP level 1. HP: 19/19 MP: 0/0
   199 | D:1      | Reached XP level 2. HP: 27/27 MP: 1/1
   434 | D:1      | Reached skill level 3 in Armour
   498 | D:1      | Reached ** piety under Trog
   565 | D:1      | Reached XP level 3. HP: 33/33 MP: 2/2
  1254 | D:2      | Reached XP level 4. HP: 41/41 MP: 3/3
  1491 | D:3      | Noticed Ijyb
  1495 | D:3      | Found a shadowy altar of Dithmenos.
  1518 | D:3      | Killed Ijyb
  1673 | D:3      | Reached skill level 4 in Armour
  1676 | D:3      | Reached XP level 5. HP: 43/47 MP: 4/4
  1676 | D:3      | Reached *** piety under Trog
  1677 | D:3      | Reached skill level 5 in Fighting
  1677 | D:3      | Reached skill level 5 in Axes
  1705 | D:3      | Found a faded altar of an unknown god.
  1853 | D:3      | Reached XP level 6. HP: 56/56 MP: 5/5
  2368 | D:3      | Found a runed translucent door.
  2369 | D:3      | Noticed Crazy Yiuf
  2529 | D:4      | Found a staircase to the Ecumenical Temple.
  2602 | D:4      | Reached skill level 5 in Armour
  2621 | D:4      | Reached XP level 7. HP: 48/63 MP: 6/6
  2730 | D:4      | Found a glowing golden altar of the Shining One.
  2736 | D:4      | Found an iron altar of Okawaru.
  2857 | D:4      | Found a sacrificial altar of Ru.
  2969 | D:5      | Entered Level 5 of the Dungeon
  3298 | D:5      | Reached skill level 1 in Ranged Weapons
  3334 | D:5      | Noticed Edmund
  3346 | D:5      | Killed Edmund
  3347 | D:5      | Reached skill level 6 in Armour
  3381 | D:5      | Reached **** piety under Trog
  3599 | D:5      | Noticed Prince Ribbit
  3629 | D:5      | Killed Prince Ribbit
  3630 | D:5      | Reached skill level 7 in Armour
  3786 | D:5      | Reached XP level 8. HP: 73/73 MP: 7/7
  3865 | D:5      | Found a blossoming altar of Fedhas.
  4083 | D:6      | Found a glowing drain.
  4107 | D:6      | Reached skill level 8 in Armour
  4116 | Sewer    | Entered a sewer
  4466 | Sewer    | Reached skill level 9 in Armour
  4530 | D:6      | Noticed a hornet
  4539 | D:6      | Killed a hornet
  4626 | D:6      | Reached XP level 9. HP: 82/82 MP: 8/8
  4808 | D:6      | Found Cucoup's Lightly-Used Armoury.
  5410 | D:7      | Reached skill level 5 in Ranged Weapons
  5430 | D:7      | Identified the +5 long sword of Blood {vamp, rC+}
  5627 | D:7      | Reached skill level 10 in Armour
  5709 | D:7      | Found a broken altar of Ashenzari.
  6015 | D:7      | Found Teaweops's Magic Scroll Emporium.
  6036 | D:7      | Bought a scroll of identify for 24 gold pieces
  6036 | D:7      | Bought a scroll of identify for 24 gold pieces
  6036 | D:7      | Bought a scroll of identify for 24 gold pieces
  6254 | D:7      | Found an ancient bone altar of Kikubaaqudgha.
  6304 | D:8      | Found an ornate altar of the Wu Jian Council.
  6337 | D:8      | Found a burning altar of Makhleb.
  6513 | D:8      | Reached skill level 11 in Armour
  6515 | D:8      | Reached skill level 1 in Throwing
  6731 | D:8      | Reached XP level 10. HP: 92/92 MP: 9/9
  6744 | D:8      | Reached ***** piety under Trog
  6752 | D:8      | Found a runed translucent door.
  6757 | D:8      | Found a basalt altar of Yredelemnul.
  7136 | D:8      | Reached skill level 12 in Armour
  7317 | D:9      | Reached skill level 10 in Fighting
  7318 | D:9      | Reached skill level 10 in Axes
  7381 | D:9      | Noticed a brown ugly thing
  7387 | D:9      | Killed a brown ugly thing
  7387 | D:9      | Noticed a two-headed ogre
  7390 | D:9      | Killed a two-headed ogre
  7414 | D:9      | Found Terebib's Book Boutique.
  7512 | D:9      | Found Xeade's Antique Armour Boutique.
  7544 | D:9      | Found a staircase to the Lair.
  7604 | D:9      | Found Arakhlon's Jewellery Boutique.
  7621 | D:8      | Reached skill level 13 in Armour
  8336 | D:9      | Found a radiant altar of Vehumet.
  8418 | D:9      | Reached skill level 5 in Throwing
  8506 | D:9      | Found a staircase to the Orcish Mines.
  8801 | D:10     | Entered Level 10 of the Dungeon
  8821 | D:10     | Reached XP level 11. HP: 102/102 MP: 10/10
  8897 | D:10     | Found a snail-covered altar of Cheibriados.
  8981 | D:10     | Reached skill level 14 in Armour
  9119 | D:10     | Noticed a boulder beetle
  9129 | D:10     | Killed a boulder beetle
  9396 | D:10     | Identified a scroll of acquirement
  9396 | D:10     | Acquired 767 gold pieces
  9568 | D:6      | Bought -1 gold dragon scales for 1050 gold pieces
  9620 | D:7      | Bought a scroll of enchant weapon for 90 gold pieces
  9620 | D:7      | Bought a scroll of enchant armour for 90 gold pieces
  9773 | D:10     | Noticed a two-headed ogre
  9782 | D:10     | Killed a two-headed ogre
 10661 | Lair:1   | Entered Level 1 of the Lair of Beasts
 10982 | Lair:1   | Reached skill level 15 in Armour
 11621 | Lair:1   | Reached skill level 16 in Armour
 11623 | Lair:1   | Reached XP level 12. HP: 113/113 MP: 11/11
 12446 | Lair:2   | Reached skill level 17 in Armour
 12511 | Lair:2   | Noticed a catoblepas
 12530 | Lair:2   | Noticed Gastronok
 13322 | Lair:2   | Killed a catoblepas
 13357 | Lair:2   | Found a staircase to the Swamp.
 13765 | Lair:2   | Killed Gastronok
 13785 | Lair:3   | Noticed Nessos
 13797 | Lair:3   | Killed Nessos
 13798 | Lair:3   | Reached XP level 13. HP: 123/123 MP: 12/12
 13889 | Lair:3   | Received a gift from Trog
 14252 | Lair:3   | Found a hole to the Spider Nest.
 14362 | Lair:3   | Reached skill level 18 in Armour
 15047 | Lair:4   | Found a glowing golden altar of the Shining One.
 15118 | Lair:4   | Reached skill level 10 in Throwing
 15502 | Lair:4   | Found a viscous altar of Jiyva.
 15503 | Lair:4   | Found a staircase to the Slime Pits.
 15780 | Lair:5   | Entered Level 5 of the Lair of Beasts
 15799 | Lair:5   | Reached skill level 15 in Fighting
 15799 | Lair:5   | Reached skill level 15 in Axes
 16146 | Lair:5   | Reached XP level 14. HP: 121/135 MP: 13/13
 16175 | Lair:5   | Found a large runed translucent door.
 16175 | Lair:5   | Found a large runed translucent door.
 16512 | Lair:5   | Received a gift from Trog
 16519 | Lair:5   | Reached skill level 19 in Armour
 17851 | D:11     | Noticed Lodul
 17872 | D:11     | Killed Lodul
 18072 | D:11     | Noticed Sonja
 18079 | D:11     | Killed Sonja
 18119 | D:11     | Found Milluirph's Armour Emporium.
 18121 | D:11     | Found Kotesm's Distillery.
 18121 | D:11     | Found Okhli's Magic Scroll Emporium.
 18201 | D:11     | Noticed Grum
 18214 | D:11     | Killed Grum
 18368 | D:11     | You fall into a shaft and drop 2 floors!
 18530 | D:13     | Found a gate to the Vaults.
 18552 | D:13     | Reached XP level 15. HP: 143/145 MP: 14/14
 18936 | D:13     | Found a runed translucent door.
 19117 | D:12     | Identified the +9 executioner's axe of Vuelet {flame, *Rage
                  | rC+ Dex+4} (Trog gifted it to you on level 12 of the
                  | Dungeon)
 19117 | D:12     | Received a gift from Trog
 19232 | D:12     | Reached skill level 20 in Armour
 19250 | D:12     | Found a runed translucent door.
 19860 | D:11     | Bought a scroll of enchant armour for 97 gold pieces
 19860 | D:11     | Bought a scroll of enchant armour for 97 gold pieces
 19967 | D:9      | Bought the amulet "Wade" {rElec rC- Will++ Regen+ Int+2}
                  | for 938 gold pieces
 20230 | D:13     | Noticed a tengu reaver
 21352 | D:14     | Noticed Jorgrun
 21371 | D:14     | Killed Jorgrun
 21613 | D:15     | Entered Level 15 of the Dungeon
 21689 | D:15     | Demolished by a very large slime creature

Illustrated notes

Levels and vault maps discovered:
D:1:      kilobyte_arrival_exit_the_forest, layout_basic, chequers_jeans,
          minmay_misc_feat_x, nicolae_figureground_pulse
D:2:      layout_loops_ring, grunt_ministairs_2
D:3:      layout_loops_ring, nicolae_dithmenos_shadow_blocks,
          chequers_ecumenical_altar_island, uniq_ijyb, uniq_crazy_yiuf_cottage
D:4:      cheibrodos_helix_gallery, layout_rooms, hangedman_ru_absence,
          grunt_temple_overflow_open, minmay_temple_entry_hall,
          minmay_manual_mares
D:5:      layout_basic, lemuel_tele_altar, uniq_edmund, uniq_prince_ribbit1
D:6:      layout_basic, portal_sewer_entry_a, minmay_shop_damaged,
          kennysheep_decorative_pillar
D:7:      layout_loops_ring, lemuel_coloured_pillars_altar,
          nicolae_overflow_hidden_temple, serial_shops,
          nicolae_shop_hallway_stairs
D:8:      layout_basic, mainiacjoe_overflow_catwalk, lemuel_doored_altar,
          dk_yredelemnul_ordeal
D:9:      layout_loops_ring, mainiacjoe_overflow_tiny_flanked, erik_lair_island,
          erik_orc_1, serial_shops, nicolae_shop_tiny_waterfront, shop,
          nicolae_book_shop_shelving
D:10:     layout_basic, mainiacjoe_overflow_six_doors_small, serial_curves,
          eino_curves_01, eino_curves_04
D:11:     layout_loops_ring, nicolae_shop_distant_corner_stores,
          eino_house_with_fridge, uniq_grum, uniq_lodul, uniq_sonja
D:12:     layout_roguey, minmay_hidden_floor
D:13:     layout_long_grid, erik_vaults_2, grunt_decor_junction, kennysheep_nub,
          minmay_st_funbox
D:14:     layout_irregular_city, serial_library,
          serial_library_hellmonk_secret_room, serial_library_hellmonk_room_c,
          serial_library_hellmonk_room_b, serial_library_hellmonk_h_bend,
          serial_library_hellmonk_open_square,
          serial_library_hellmonk_semicircle,
          serial_library_hellmonk_layered_room, chequers_serial_rivers_large_b,
          uniq_jorgrun
D:15:     grunt_enter_depths_magical_seal, layout_loops_ring,
          hangedman_decor_growths, st_stairs_9, lemuel_flamethrower_3
Lair:1:   layout_long_grid
Lair:2:   layout_cave_shapes, mainiacjoe_swamp_entry_angry_trees,
          roderic_carrion_pond, grunt_megastairs_2, uniq_gastronok
Lair:3:   layout_regular_city, nicolae_spider_entry_non_spiders,
          serial_bayou_pond_a, uniq_nessos
Lair:4:   layout_small_grid, slime_entry_1, basic_altar, minmay_holes,
          dreamdust_wasp_nest, grunt_megastairs_5, serial_bayou_shore_b
Lair:5:   cheibrodos_lair_end_hotspot, layout_long_grid, lemuel_fruit_fields

Skill      XL: |  1  2  3  4  5  6  7  8  9 10 11 12 13 14 15 |
---------------+----------------------------------------------+-----
Fighting       | 4 5 6 7 8 9 11 12 13 15 16 17 | 17.7
Armour         | 3 4 5 7 9 11 13 16 17 18 19 20 | 20.5
Axes           | 4 5 6 7 8 9 11 12 13 15 16 17 | 17.7
Ranged Weapons | 2 4 5 |  5.9
Throwing       | 2 5 7 9 10 11 | 11.7
Dodging        | |  2.6
Invocations    | |  0.2

Action                     |  1- 3 |  4- 6 |  7- 9 | 10-12 | 13-15 || total
---------------------------+-------+-------+-------+-------+-------++-------
  Melee: Hand axe          |    77 |    40 |       |       |       ||   117
         Headbutt          |    11 |    25 |    44 |    60 |   141 ||   281
         War axe           |       |    79 |   211 |       |       ||   290
         Punch             |       |       |     3 |       |     4 ||     7
         Battleaxe         |       |       |    32 |   355 |   485 ||   872
         Spear             |       |       |       |       |    85 ||    85
         Executioner's axe |       |       |       |       |   117 ||   117
   Fire: Orcbow            |       |       |    34 |       |       ||    34
 Invoke: Berserk           |       |     1 |     3 |    11 |     7 ||    22
         Brothers in Arms  |       |       |       |     5 |     7 ||    12
         Trog's Hand       |       |       |       |     1 |     1 ||     2
    Use: Scroll            |       |     5 |    13 |    12 |     9 ||    39
         Potion            |       |       |     2 |       |     3 ||     5
   Stab: Distracted        |       |       |       |       |     1 ||     1
 Armour: Animal skin       |    13 |       |       |       |       ||    13
         Plate armour      |    23 |    89 |   199 |   186 |       ||   497
         Gold dragon scale |       |       |       |   244 |   844 ||  1088
  Dodge: Dodged            |    54 |    61 |   109 |   199 |   412 ||   835
         Repelled          |       |       |       |     2 |     9 ||    11
